 Dungeon Crawl Stone Soup version 0.30.1-11-g7821555f0a (webtiles) character file.

Game seed: 11571799509961292362

102 groovy9 the Chopper (level 4, -3/40 HPs)
             Began as a Hill Orc Berserker on Jan 13, 2024.
             Was a Follower of Trog.
             Killed by divine providence
             ... invoked by an orc priest
              (10 damage)
             ... on level 3 of the Dungeon.
             The game lasted 00:04:05 (2128 turns).

groovy9 the Chopper (Hill Orc Berserker)            Turns: 2128, Time: 00:04:06

Health: -3/40      AC: 10    Str: 21    XL:     4   Next: 78%
Magic:  4/4        EV:  8    Int:  7    God:    Trog [*.....]
Gold:   55         SH:  0    Dex: 10    Spells: 3/3 levels left

rFire   + . .        a - +0 hand axe
rCold   . . .        (no shield)
rNeg    . . .        b - +0 chain mail
rPois   .            (no helmet)
rElec   .            (no cloak)
rCorr   .            (no gloves)
SInv    .            f - +0 pair of boots
Will    .....        (no amulet) Stlth
                     i - ring of protection from fire
HPRegen 0.26/turn    (no ring)
MPRegen 0.09/turn

%: no passive effects
@: on berserk cooldown, slowed, very slow
A: no striking features
a: Renounce Religion, Convert to Beogh, Berserk


You were on level 3 of the Dungeon.
You worshipped Trog.
Trog was aware of your devotion.
You visited 1 branch of the dungeon, and saw 3 of its levels.

You collected 55 gold pieces.

Inventory:

Hand Weapons
 a - a +0 hand axe (weapon)
Armour
 b - a +0 chain mail (worn)
 f - a +0 pair of boots (worn)
Jewellery
 i - a ring of protection from fire (left hand)
Scrolls
 c - a scroll of teleportation
 d - a scroll of identify
 g - 2 scrolls of silence
 h - a scroll of immolation {unknown}
 j - a scroll of enchant armour {unknown}
 k - a scroll of acquirement {unknown}
 l - a scroll of enchant weapon {unknown}
Potions
 e - 2 potions of brilliance
 m - a potion of curing


   Skills:
 + Level 4.3 Fighting
 * Level 5.4 Axes
 + Level 3.0 Armour
 + Level 2.2 Dodging


You had 3 spell levels left.
You didn't know any spells.
Your spell library was empty.

Dungeon Overview and Level Annotations

Branches:
Dungeon (3/15)

Altars:


Message History

The orc wizard is almost dead.
The orc wizard hits you but does no damage.
You barely miss the orc wizard.
The orc wizard is almost dead.
You slash the orc priest!
The orc priest shouts, "Join the one true god or die!"
The orc wizard casts a spell at you.
You are confused.
The orc priest barely misses you.
You nearly stumble into some deep water!
You closely miss the orc wizard.
The orc wizard is almost dead.
You closely miss the orc priest.
The orc priest shouts, "Surrender to Beogh and we'll let you live!"
You are no longer berserk.
You are exhausted.
You feel yourself slow down.
The orc wizard hits you but does no damage.
The orc priest calls down the wrath of Beogh upon you.
Beogh smites you!
* * * LOW HITPOINT WARNING * * *
You hit the orc priest.
The orc priest is severely wounded.
You hit the orc wizard.
You kill the orc wizard!
Trog accepts your kill.
Trog appreciates your killing of a magic user.
The orc priest looks encouraged for a moment.
The orc priest hits you but does no damage.
Your Armour skill increases to level 3!
You miss the orc priest.
The orc priest shouts, "Surrender to Beogh and we'll let you live!"
The orc priest is severely wounded.
The orc priest hits you but does no damage.
You hit the orc priest but do no damage.
The orc priest is severely wounded.
You feel less confused.
The orc priest calls down the wrath of Beogh upon you.
Beogh smites you!
You die...

#[#.≈≈##
#####.#≈.≈≈#
#.<...#≈.#≈#
#.###≈≈~##≈≈#
#.###.##.# ≈#
#.#.....≈# ≈#
#.#.#.#≈~####
#.#.#)≈~.....
#...)@≈.#.#..≈
##..#.o..##
≈≈≈ #..###.##
## #. #.# #.
#.# # .#


You could see an orc priest.

Vanquished Creatures
  An orc wizard (D:3)
  4 adders (D:2)
  2 dart slugs (D:1)
  3 orcs (D:3)
  5 ball pythons
  7 endoplasms
  A goblin (D:2)
  2 hobgoblins (D:1)
  A quokka (D:1)
  2 bats
  A frilled lizard (D:1)
  3 kobolds
  5 rats
37 creatures vanquished.

Notes
Turn   | Place    | Note
-------+----------+-------------------------------------------
     0 | D:1      | groovy9 the Hill Orc Berserker began the quest for the Orb.
     0 | D:1      | Reached XP level 1. HP: 19/19 MP: 1/1
   382 | D:1      | Reached XP level 2. HP: 27/27 MP: 2/2
  1052 | D:2      | Reached XP level 3. HP: 9/33 MP: 3/3
  1375 | D:2      | Reached skill level 5 in Axes
  1428 | D:2      | Reached XP level 4. HP: 28/40 MP: 4/4
  2128 | D:3      | Killed from afar by an orc priest

Illustrated notes

Levels and vault maps discovered:
D:1:      dpeg_arrival_rooms_a, layout_basic, roderic_serpentine_path
D:2:      layout_basic, solitary_fountain, kennysheep_generic_room_8
D:3:      layout_loops_cross, serial_rivers, chequers_serial_rivers_small_b,
          chequers_serial_rivers_small_b, chequers_serial_rivers_room_b,
          chequers_serial_rivers_room_a, uniq_robin

Skill      XL: |  1  2  3  4 |
---------------+-------------+-----
Fighting       | 4 |  4.3
Dodging        | 2 |  2.2
Axes           | 5 |  5.4
Armour         | 3 |  3.0

Action                     |  1- 3 |  4- 6 || total
---------------------------+-------+-------++-------
  Melee: Hand axe          |    96 |    19 ||   115
         Punch             |     1 |       ||     1
 Invoke: Berserk           |     1 |     1 ||     2
    Use: Scroll            |     4 |       ||     4
         Potion            |     1 |       ||     1
   Stab: Sleeping          |       |     1 ||     1
 Armour: Animal skin       |    24 |     1 ||    25
         Chain mail        |       |     6 ||     6
  Dodge: Dodged            |    73 |     6 ||    79
